 Dungeon Crawl Stone Soup version 0.29.1-12-g30fa7ad0bf (webtiles) character file.

Game seed: 14373368158575241987

104 RapScallion the Chopper (level 4, 0/40 HPs)
             Began as a Hill Orc Fighter on Jan 11, 2023.
             Slain by Natasha (3 damage)
             ... on level 2 of the Dungeon.
             The game lasted 00:16:51 (2615 turns).

RapScallion the Chopper (Hill Orc Fighter)          Turns: 2615, Time: 00:16:53

Health: 0/40       AC:  7    Str: 20    XL:     4   Next: 80%
Magic:  4/4        EV:  9    Int:  8    God:
Gold:   107        SH:  4    Dex: 10    Spells: 3/3 levels left

rFire   . . .      SeeInvis .   a - +0 war axe
rCold   . . .      Faith    .   c - +0 buckler
rNeg    . . .      Spirit   .   b - +0 scale mail
rPois   .          Reflect  .   (no helmet)
rElec   .          Harm     .   (no cloak)
rCorr   .          Rampage  .   (no gloves)
Will    .....                   (no boots)
Stlth   ..........              (no amulet)
HPRegen 0.13/turn               (no ring)
MPRegen 0.09/turn               (no ring)

@: no status effects
A: no striking features
a: no special abilities


You were on level 2 of the Dungeon.
You visited 1 branch of the dungeon, and saw 2 of its levels.

You collected 107 gold pieces.

Inventory:

Hand Weapons
 a - a +0 war axe (weapon)
 j - a +0 short sword
 n - a +0 sling
 s - a +0 shortbow
Missiles
 f - 7 stones (quivered)
Armour
 b - a +0 scale mail (worn)
 c - a +0 buckler (worn)
 l - a +0 scale mail
 o - a +0 ring mail
Scrolls
 e - 3 scrolls of identify {unknown}
 i - 2 scrolls of teleportation {unknown}
 k - a scroll of blinking {unknown}
 m - a scroll of poison {unknown}
 q - a scroll of noise {unknown}
 t - a scroll of magic mapping {unknown}
 u - a scroll of immolation {unknown}
Potions
 d - 2 potions of might
 g - a potion of degeneration {unknown}
 h - a potion of brilliance {unknown}
 p - 2 potions of curing {unknown}
 r - a potion of invisibility {unknown}


   Skills:
 + Level 4.0 Fighting
 + Level 4.2 Axes
 * Level 0.5 Throwing
 + Level 4.1 Armour
 - Level 1.1 Stealth
 + Level 3.7 Shields


You had 3 spell levels left.
You didn't know any spells.
Your spell library was empty.

Dungeon Overview and Level Annotations

Branches:
Dungeon (2/15)

Altars:

Annotations:
D:2 Natasha


Message History

Natasha casts a spell.
The white imp shouts, "Decamp, thou unmuzzled rump-fed lout!"
Natasha howls an incantation.
Natasha's front paws start to glow.
Natasha stares at you and mumbles some strange words.
The magic dart hits you! The white imp gestures at you.
You block the puff of frost.
You hit Natasha.
Natasha is moderately wounded.
Natasha claws you but does no damage. x2
You hit Natasha but do no damage.
Natasha is moderately wounded.
You closely miss the white imp. The white imp closely misses you.
Natasha completely misses you.
You completely miss Natasha.
Natasha is moderately wounded.
You hit the white imp. The white imp gestures at you.
The puff of frost hits you! Natasha claws you but does no damage.
You block the white imp's attack.
You barely miss Natasha.
Natasha is moderately wounded.
You barely miss the white imp. Natasha closely misses you.
The white imp gestures at you. The puff of frost hits you! Natasha claws you.
* * * LOW HITPOINT WARNING * * *
You barely miss Natasha.
Natasha is moderately wounded.
You barely miss the white imp. The white imp barely misses you.
Natasha casts a spell at you. You resist with some effort.
You slash Natasha!
Natasha is severely wounded.
You slash the white imp! The white imp gestures at you.
The puff of frost hits you.
* * * LOW HITPOINT WARNING * * *
Natasha claws you.
You die...

.###......#♣.......♣.........####
.# #....####.......########.....#
.###....###♣.......♣ #.###..
.......###.........# ##.###..
####♣♣.♣#..♣.......♣######..#....
♣..♣♣........................
♣.♣♣♣.#♣#♣.♣#♣#♣.###...#####.
♣.P♣♣.# #...#........P..####
♣♣.♣♣.# ###@5.###.#..PPP..##
♣..♣.# ##h.## #.#.#.P♣.... ♣♣.♣##
###..## ##.#.#..♣PP..
♣.P♣>###...## #........P♣♣.
####♣.♣♣..##.### #.......P..♣♣
#............# #.<........♣♣
##.##.......### #######......
......#####.## ######.. ...####
###..###### #.......


You could see Natasha and a white imp (summoned).

Vanquished Creatures
  Natasha (twice) (D:2)
  An adder (D:2)
  3 worms (D:2)
  2 dart slugs
  A bat (D:1)
  5 endoplasms
  A giant cockroach (D:1)
  6 hobgoblins
  4 jackals (D:2)
  3 ball pythons
  A frilled lizard (D:2)
  A kobold (D:1)
  3 rats (D:1)
  A bush (D:2)
34 creatures vanquished.

Vanquished Creatures (others)
  6 plants (D:2)
6 creatures vanquished.

Grand Total: 40 creatures vanquished

Notes
Turn   | Place    | Note
-------+----------+-------------------------------------------
     0 | D:1      | RapScallion the Hill Orc Fighter began the quest for the
                  | Orb.
     0 | D:1      | Reached XP level 1. HP: 19/19 MP: 1/1
   441 | D:1      | Reached XP level 2. HP: 27/27 MP: 2/2
   903 | D:2      | Reached XP level 3. HP: 23/33 MP: 3/3
  1847 | D:2      | Noticed Natasha
  1863 | D:2      | Killed Natasha
  1864 | D:2      | Reached skill level 1 in Stealth
  1864 | D:2      | Reached XP level 4. HP: 23/40 MP: 4/4
  2330 | D:2      | Noticed Natasha
  2342 | D:2      | Killed Natasha
  2601 | D:2      | Noticed Natasha
  2615 | D:2      | Slain by Natasha

Illustrated notes

Levels and vault maps discovered:
D:1:      psy_arrival_fountain, layout_rooms, minmay_pentomino_v2
D:2:      layout_rooms, serial_forest, infiniplex_forest_lined_2,
          infiniplex_forest_lined_2, infiniplex_forest_join,
          infiniplex_forest_pool, infiniplex_forest_lined_4_way,
          infiniplex_forest_clump_diagonal, infiniplex_forest_lined_room_3,
          infiniplex_forest_straight_3, infiniplex_forest_zigzag_1, uniq_natasha

Skill      XL: |  1  2  3  4 |
---------------+-------------+-----
Axes           | 3 4 |  4.2
Armour         | 4 |  4.1
Stealth        | 1 |  1.1
Fighting       | 4 |  4.0
Throwing       | |  0.5
Shields        | |  3.7

Action                   |  1- 3 |  4- 6 || total
-------------------------+-------+-------++-------
Melee: War axe           |   116 |    29 ||   145
Throw: Stone             |     8 |       ||     8
Armor: Scale mail        |    23 |    10 ||    33
Dodge: Dodged            |    27 |    16 ||    43
Block: Buckler           |    14 |     4 ||    18
